 Dungeon Crawl Stone Soup version 0.28-a0-622-gbaef9634d7 (webtiles) character file.

Game seed: 13158123067829111347

80 mordus the Chopper (level 4, -2/39 HPs)
             Began as a Hill Orc Fighter on Oct 7, 2021.
             Slain by an ogre (26 damage)
             ... on level 3 of the Dungeon.
             The game lasted 00:04:07 (1874 turns).

mordus the Chopper (Hill Orc Fighter)               Turns: 1874, Time: 00:04:07

Health: -2/39      AC:  7    Str: 19    XL:     4   Next: 39%
Magic:  4/4        EV:  9    Int:  8    God:
Gold:   111        SH:  4    Dex: 10    Spells: 3/3 levels left

rFire   . . .      SeeInvis .   a - +0 war axe
rCold   . . .      Faith    .   c - +0 buckler
rNeg    . . .      Spirit   .   b - +0 scale mail
rPois   .          Reflect  .   (no helmet)
rElec   .          Harm     .   (no cloak)
rCorr   .          Rampage  .   (no gloves)
Will    .....                   (no boots)
Stlth   ..........              (no amulet)
HPRegen 0.13/turn               (no ring)
MPRegen 0.09/turn               (no ring)

@: no status effects
A: no striking features
a: no special abilities


You were on level 3 of the Dungeon.
You visited 1 branch of the dungeon, and saw 3 of its levels.

You collected 111 gold pieces.

Inventory:

Hand Weapons
 a - a +0 war axe (weapon)
Armour
 b - a +0 scale mail (worn)
 c - a +0 buckler (worn)
Jewellery
 e - a ring of fire
Scrolls
 f - 3 scrolls of fog {unknown}
 g - a scroll of blinking {unknown}
 h - a scroll of teleportation {unknown}
 i - a scroll of amnesia {unknown}
Potions
 d - a potion of might
 j - a potion of mutation {unknown}
 k - a potion of curing {unknown}


   Skills:
 - Level 3.6 Fighting
 * Level 4.6 Axes
 + Level 3.9 Armour
 + Level 4.0 Shields


You had 3 spell levels left.
You didn't know any spells.
Your spell library was empty.

Dungeon Overview and Level Annotations

Branches:
Dungeon (3/15)

Altars:

Annotations:
D:3 Robin


Message History

There is a stone staircase leading up here.
You hit the goblin.
You kill the goblin!
You barely miss the goblin.
The goblin no longer looks unusually strong. x2
The goblin hits you with a +0 club.
You closely miss the goblin. You slash the goblin!
You kill the goblin!
Robin roars a battlecry!
The goblins go into a battle-frenzy!
The goblin hits you but does no damage.
You closely miss the ogre. You barely miss the goblin.
You closely miss the goblin.
The goblin no longer looks unusually strong.
Robin throws the goblin at you! The goblin barely misses you.
The goblin hits you but does no damage. x2; The ogre barely misses you.
Robin roars a battlecry!
The goblin goes into a battle-frenzy!
The goblin no longer looks unusually strong. x2
The ogre barely misses you. The goblin hits you with a +0 club.
There is an open door here.
You hit the goblin.
You kill the goblin!
You slash the goblin!
You kill the goblin!
The ogre hits you with a +0 giant spiked club!
Your Shields skill increases to level 4!
You slash the ogre!
The ogre is moderately wounded.
Robin roars a battlecry!
The goblin goes into a battle-frenzy!
The ogre closely misses you.
You hit the ogre.
The ogre is moderately wounded.
The ogre barely misses you.
You hit the ogre but do no damage.
The ogre is moderately wounded.
The ogre hits you with a +0 giant spiked club!!
Ouch! That really hurt!
You die...

#....# #.......#.# #....#
#.###.#####.# ... #....#
#...........#
#..#+##....#######'#######
......#............).)...#
......#.......g)g...####.#
......#....g...ggg.....#
###..##....###+#O#.....#
.......g...# #@###.###
........g..# #.###.#
...)>......# #...#.#
.)....g##### #.###.#.#
.......# #.# #.#.#
######.#######.# #.#.#
#.........###.#
#...........#.#
#...........'.#


You could see an ogre, Robin and 4 goblins.

Vanquished Creatures
  Jessica (D:2)
  An adder (D:3)
  A dart slug (D:2)
  4 bats
  3 endoplasms
  2 giant cockroaches (D:1)
  2 hobgoblins
  3 jackals (D:1)
  2 quokkas
  3 ball pythons
  A frilled lizard (D:2)
  9 goblins
  4 kobolds
  4 rats
40 creatures vanquished.

Notes
Turn   | Place    | Note
-------+----------+-------------------------------------------
     0 | D:1      | mordus the Hill Orc Fighter began the quest for the Orb.
     0 | D:1      | Reached XP level 1. HP: 19/19 MP: 1/1
   251 | D:1      | Reached XP level 2. HP: 24/26 MP: 2/2
   756 | D:1      | Found a faded altar of an unknown god.
   833 | D:2      | Noticed Jessica
   838 | D:2      | Killed Jessica
   839 | D:2      | Reached XP level 3. HP: 30/31 MP: 3/3
  1510 | D:2      | Reached XP level 4. HP: 38/39 MP: 4/4
  1846 | D:3      | Noticed Robin
  1848 | D:3      | Noticed an ogre
  1874 | D:3      | Slain by an ogre

Illustrated notes

Levels and vault maps discovered:
D:1:      elethiomel_arrival_quiet, layout_basic,
          shapermc_ecumenical_altar_mp_ritualfount
D:2:      layout_basic, uniq_jessica
D:3:      minmay_chambers_of_threes, layout_basic, uniq_robin

Skill      XL: |  1  2  3  4 |
---------------+-------------+-----
Axes           | 3 4 |  4.6
Shields        | 4 |  4.0
Fighting       | |  3.6
Armour         | |  3.9

Action                   |  1- 3 |  4- 6 || total
-------------------------+-------+-------++-------
Melee: War axe           |    92 |    24 ||   116
Armor: Scale mail        |    49 |    16 ||    65
Dodge: Dodged            |    45 |    15 ||    60
Block: Buckler           |    29 |     5 ||    34

Table legend: (Time is in decaauts)
 A = Elapsed time spent in this place.
 B = Non-inter-level travel time spent in this place.
 C = Inter-level travel time spent in this place.
 D = Time resting spent in this place.
 E = Time spent auto-exploring this place.
 F = Levels seen in this place.
 G = Mean time per level.
                   A        B        C        D        E       F      G
               +--------+--------+--------+--------+--------+-----+--------+
         Total |   1910 |   1873 |     37 |      0 |   1576 |   3 |  636.7 |
       Dungeon |   1910 |   1873 |     37 |      0 |   1576 |   3 |  636.7 |
               +--------+--------+--------+--------+--------+-----+--------+

Top non-repeatable levels by time:
     D:2: 898 daAuts
     D:1: 814 daAuts
     D:3: 197 daAuts
